 Dungeon Crawl Stone Soup version 0.19.4 (webtiles) character file.

4027 Ponchio the Thaumaturge (level 10, -3/55 HPs)
             Began as a Deep Elf Fire Elementalist on Jan 31, 2017.
             Was a Believer of Vehumet.
             Slain by an orc warrior
             ... wielding a +0 hand axe
              (16 damage)
             ... on level 1 of the Orcish Mines.
             The game lasted 01:30:25 (11748 turns).

Ponchio the Thaumaturge (DEFE)                     Turns: 11748, Time: 01:30:25

Health: -3/55      AC:  6    Str:  5    XL:     10   Next: 4%
Magic:  25/25      EV: 18    Int: 24    God:    Vehumet [**....]
Gold:   31         SH:  0    Dex: 15    Spells: 3 memorised, 20 levels left

rFire  + . .     SeeInvis +     f - +0 short sword
rCold  + . .     Gourm    +     a - +0 robe
rNeg   . . .     Faith    .     (no shield)
rPois  +         Spirit   .     (no helmet)
rElec  .         Reflect  .     D - +2 cloak {rPois}
rCorr  .         Harm     .     (no gloves)
MR     ++...                    x - +0 pair of boots
Stlth  ++........               n - amulet of the gourmand
                                h - ring of protection from fire
                                e - ring of see invisible

@: no status effects
A: cold resistance 1, magic resistance 1, robust 1
a: Renounce Religion


You were on level 1 of the Orcish Mines.
You worshipped Vehumet.
Vehumet was pleased with you.
You were not hungry.

You visited 3 branches of the dungeon, and saw 11 of its levels.

You collected 423 gold pieces.
You spent 392 gold pieces at shops.

Inventory:

Hand Weapons
 f - a +0 short sword (weapon)
Armour
 a - a +0 robe (worn)
 j - a +0 buckler of protection
 u - a +0 cloak
 x - a +0 pair of boots (worn)
 D - a +2 cloak of poison resistance (worn)
 F - the +1 chain mail of Untruth {rC+++ rN+ Int+4 Dex-3}
   (You bought it in a shop on level 9 of the Dungeon)

   It affects your intelligence (+4).
   It affects your dexterity (-3).
   It renders you almost immune to cold.
   It protects you from negative energy.
Magical Staves
 C - an uncursed staff of cold
Jewellery
 e - a ring of see invisible (left hand)
 h - a ring of protection from fire (right hand)
 m - an uncursed ring of teleportation
 n - an amulet of the gourmand (around neck)
 q - an uncursed ring of flight
Wands
 l - a wand of random effects (20/48)
 r - a wand of digging (14/24)
Scrolls
 g - a scroll of remove curse
 k - 2 scrolls of fear
 w - a scroll of teleportation
 y - a scroll of noise
 A - a scroll of recharging
 B - a scroll of enchant weapon {unknown}
Potions
 d - 3 potions of heal wounds
 o - 3 potions of lignification
 s - a potion of ambrosia
 v - a potion of invisibility
 z - a potion of flight {unknown}
Books
 b - a book of Flames

   Spells                             Type                      Level
   a - Flame Tongue                   Conjuration/Fire             1
   b - Throw Flame                    Conjuration/Fire             2
   c - Conjure Flame                  Conjuration/Fire             3
   d - Inner Flame                    Hexes/Fire                   3
   e - Sticky Flame                   Conjuration/Fire             4
   f - Fireball                       Conjuration/Fire             5
Comestibles
 c - 8 bread rations
 i - 5 beef jerkies
 p - 4 meat rations
 t - a slice of pizza
 E - 3 fruits


   Skills:
 + Level 9.4 Dodging
 - Level 2.4 Stealth
 + Level 9.5 Spellcasting
 + Level 8.4 Conjurations
 + Level 8.2 Fire Magic


You had 20 spell levels left.
You knew the following spells:

 Your Spells              Type           Power        Failure   Level  Hunger
a - Flame Tongue          Conj/Fire      #####        1%          1    None
b - Throw Flame           Conj/Fire      ######       1%          2    None
c - Fireball              Conj/Fire      ######....   6%          5    ####...


Dungeon Overview and Level Annotations

Branches:
Dungeon (9/15)             Temple (1/1) D:6             Orc (1/2) D:9
   Lair: D:8-11

Altars:
Ashenzari
Cheibriados
Dithmenos
Elyvilon
Fedhas
Gozag
Hepliaklqana
Kikubaaqudgha
Makhleb
Nemelex Xobeh
Okawaru
Qazlal
Ru
Sif Muna
Trog
Uskayaw
Vehumet
Xom
Yredelemnul
Zin
The Shining One

Shops:
D:8 [   D:9 %[:%!

Annotations:
D:9 Minion's ghost, novice TrTm


Innate Abilities, Weirdness & Mutations

Your flesh is cold resistant. (rC+)
You are resistant to hostile enchantments. (MR+)
You are robust. (+10% HP)


Message History

The orc priest shouts!
The orc shouts!
The ogre shouts! 2 orcs come into view.
The orc moves out of view.
You climb upwards.
Welcome back to the Dungeon!
Level annotation: Minion's ghost, novice TrTm
There is a staircase to the Orcish Mines here.
You start resting.
Magic restored.
You climb downwards.
Welcome back to the Orcish Mines!
The orc closely misses you.
The orc warrior hits you with a hand axe!
The ogre completely misses you. The troll bites you! The troll claws you.
The troll closely misses you. The orc misses you.
The orc shouts!
There is a staircase back to the Dungeon here.
The orc warrior shouts!
The orc warrior hits you with a scimitar!!
* * * LOW HITPOINT WARNING * * *
The orc warrior hits you with a hand axe!
You die...

..........$##
..#.........##
.#...........#
.............##
...$..........#
..............#
......Too......
....ooo@o......
§§....O.o......
§§.O.oo........
§§.............
......##.....#.
##.o.# .......
....o .......
....o $......


You could see a troll, 3 orc warriors, 2 ogres, 2 orc priests and 7 orcs.

Vanquished Creatures
  A troll (D:9)
  A wyvern (D:7)
  4 wargs (D:9)
  Duvessa (D:7)
  A sky beast (D:5)
  A water moccasin (D:7)
  An orc warrior (D:9)
  A black bear (D:8)
  2 ice beasts (D:5)
  4 ogres
  5 centaurs
  2 big kobolds (D:8)
  A bullfrog (D:6)
  A wyvern zombie (D:7)
  4 scorpions
  The ghost of Yarinad the Skirmisher, a weakling DDBe of Trog (D:3)
  Dowan (D:7)
  2 jellies
  A killer bee (D:8)
  A water moccasin skeleton (D:7)
  A howler monkey (D:8)
  A quasit (D:6)
  3 bullfrog skeletons
  A centaur skeleton (D:6)
  5 orc priests
  Terence (D:3)
  Jessica (D:3)
  4 worker ants
  5 orc wizards
  3 hound skeletons
  A howler monkey zombie (D:8)
  A worker ant zombie (D:9)
  8 gnolls
  Robin (D:3)
  14 adders
  3 river rats (D:3)
  2 adder zombies
  An adder skeleton (D:7)
  3 worms (D:2)
  3 dart slugs
  7 leopard geckos
  14 orcs
  5 giant cockroaches
  8 goblins (D:3)
  19 hobgoblins
  7 jackals
  4 quokkas
  5 ball pythons
  12 bats
  5 frilled lizards
  18 kobolds
  A leopard gecko skeleton (D:6)
  2 quokka zombies
  8 rats
213 creatures vanquished.

Notes
Turn   | Place    | Note
-------+----------+-------------------------------------------
     0 | D:1      | Ponchio the Deep Elf Fire Elementalist began the quest for the Orb.
     0 | D:1      | Reached XP level 1. HP: 10/10 MP: 6/6
   257 | D:1      | Reached XP level 2. HP: 15/15 MP: 4/8
  1187 | D:2      | Reached XP level 3. HP: 19/19 MP: 9/11
  1191 | D:2      | Learned a level 2 spell: Throw Flame
  1986 | D:3      | Reached XP level 4. HP: 24/24 MP: 5/12
  2079 | D:3      | Noticed Yarinad's ghost (weakling DDBe)
  2317 | D:3      | Noticed Jessica
  2318 | D:3      | Killed Jessica
  2318 | D:3      | Reached XP level 5. HP: 28/28 MP: 11/14
  2474 | D:3      | Killed Yarinad's ghost
  2474 | D:3      | Reached skill level 5 in Conjurations
  2812 | D:3      | Noticed Robin
  2816 | D:3      | Killed Robin
  2938 | D:3      | Reached XP level 6. HP: 32/32 MP: 7/15
  3025 | D:3      | Noticed Terence
  3034 | D:3      | Killed Terence
  3034 | D:3      | Reached skill level 5 in Spellcasting
  3607 | D:3      | Gained mutation: You are resistant to hostile enchantments. (MR+) [potion of mutation]
  3607 | D:3      | Gained mutation: Your flesh is cold resistant. (rC+) [potion of mutation]
  3607 | D:3      | Gained mutation: You are robust. (+10% HP) [potion of mutation]
  3895 | D:4      | Found a blossoming altar of Fedhas.
  3895 | D:4      | Found a stormy altar of Qazlal.
  4452 | D:4      | Learned a level 5 spell: Fireball
  4509 | D:5      | Entered Level 5 of the Dungeon
  4632 | D:5      | Noticed an ice beast
  4639 | D:5      | Killed an ice beast
  4639 | D:5      | Reached XP level 7. HP: 32/39 MP: 11/18
  5144 | D:5      | Found a glowing silver altar of Zin.
  5458 | D:6      | Reached skill level 5 in Fire Magic
  5784 | D:6      | Reached XP level 8. HP: 42/45 MP: 10/20
  5872 | D:6      | Found a staircase to the Ecumenical Temple.
  5881 | Temple   | Entered the Ecumenical Temple
  5893 | Temple   | Became a worshipper of Vehumet
  6318 | D:6      | Found a white marble altar of Elyvilon.
  6795 | D:7      | Noticed Duvessa
  6795 | D:7      | Noticed Dowan
  6803 | D:7      | Killed Dowan
  6815 | D:7      | Killed Duvessa
  7251 | D:7      | Reached skill level 5 in Dodging
  7512 | D:7      | Reached * piety under Vehumet
  7512 | D:7      | Offered knowledge of Sting by Vehumet.
  7527 | D:7      | Reached XP level 9. HP: 37/49 MP: 8/22
  7685 | D:7      | Found a burning altar of Makhleb.
  7685 | D:7      | Found a snail-covered altar of Cheibriados.
  7836 | D:7      | Identified a scroll of acquirement
  9046 | D:8      | Found Ybiepn's Armour Emporium.
  9051 | D:8      | Bought a +2 cloak of poison resistance for 240 gold pieces
  9148 | D:9      | Noticed Minion's ghost (novice TrTm)
  9198 | D:9      | Offered knowledge of Throw Frost by Vehumet.
  9393 | D:8      | Reached ** piety under Vehumet
  9983 | D:9      | Found Goroown's Antique Armour Emporium.
  9988 | D:9      | Bought a smoking chain mail for 152 gold pieces
  9998 | D:9      | Identified the cursed +1 chain mail of Untruth {rC+++ rN+ Int+4 Dex-3} (You bought it in a shop on level 9 of the Dungeon)
 10503 | D:9      | Found Vebia's Food Boutique.
 10819 | D:9      | Found a staircase to the Orcish Mines.
 10823 | D:9      | Found Lucyl's Food Shop.
 10848 | D:9      | Noticed a troll
 10855 | D:9      | Killed a troll
 11019 | D:9      | Found Asmaopn's Book Shoppe.
 11267 | D:9      | Reached XP level 10. HP: 44/55 MP: 5/25
 11540 | D:9      | Found Laps's Distillery.
 11724 | Orc:1    | Entered Level 1 of the Orcish Mines
 11748 | Orc:1    | Slain by an orc warrior

Skill      XL: |  1  2  3  4  5  6  7  8  9 |
---------------+----------------------------+-----
Spellcasting   | 4 6 7 9 |  9.5
Conjurations   | 3 4 5 6 7 8 |  8.4
Fire Magic     | 5 7 8 |  8.2
Dodging        | 6 9 |  9.4
Stealth        | |  2.4

Action                   |  1- 3 |  4- 6 |  7- 9 | 10-12 || total
-------------------------+-------+-------+-------+-------++-------
Melee: Short sword       |     2 |     5 |    15 |     1 ||    23
 Cast: Flame Tongue      |    86 |   111 |   238 |     8 ||   443
       Throw Flame       |     1 |    36 |   113 |     1 ||   151
       Fireball          |       |       |     5 |     2 ||     7
  Use: Scroll            |     6 |     2 |    11 |       ||    19
       Potion            |       |     2 |     4 |       ||     6
  Eat: Chunk             |     3 |     8 |    26 |       ||    37
Armor: Robe              |     8 |    15 |    34 |     1 ||    58
Dodge: Dodged            |    21 |    66 |   164 |     9 ||   260
